 Dungeon Crawl Stone Soup version 0.22-a0-830-gf552829 (webtiles) character file.

669 zishaf the Firebug (level 7, -6/50 HPs)
             Began as a Pale Draconian Fire Elementalist on July 24, 2018.
             Shot with an arrow by a centaur (10 damage)
             ... on level 5 of the Dungeon on July 25, 2018.
             The game lasted 00:17:51 (5070 turns).

zishaf the Firebug (DrFE)                           Turns: 5070, Time: 00:17:51

Health: -6/50      AC:  6    Str: 11    XL:     7   Next: 32%
Magic:  8/13       EV: 12    Int: 17    God:
Gold:   145        SH:  0    Dex: 11    Spells: 6/14 levels left

rFire    . . .     SeeInvis .   q - -2 dagger (curse)
rCold    . . .     Gourm    .   (no shield)
rNeg     . . .     Faith    .   (armour unavailable)
rPois    .         Spirit   .   (helmet restricted)
rElec    .         Reflect  .   (no cloak)
rCorr    .         Harm     .   (no gloves)
MR       .....                  (no boots)
Stlth    ++........             j - amulet of magic regeneration
HPRegen  0.16/turn              n - ring of flight
MPRegen  0.38/turn              (no ring)

@: no status effects
A: breathe steam, unfitting armour, cold-blooded, AC +6
a: Breathe Steam, Evoke Flight


You were on level 5 of the Dungeon.
You were not hungry.

You visited 1 branch of the dungeon, and saw 5 of its levels.

You collected 145 gold pieces.

Inventory:

Hand Weapons
 q - a cursed -2 dagger (weapon)
Jewellery
 j - an amulet of magic regeneration (around neck)
 n - a ring of flight (left hand)
Scrolls
 a - a scroll of enchant weapon {unknown}
 d - 2 scrolls of remove curse {unknown}
 f - a scroll of random uselessness {unknown}
 g - 2 scrolls of teleportation {unknown}
 h - 3 scrolls of blinking {unknown}
 k - a scroll of immolation {unknown}
 m - 2 scrolls of identify {unknown}
 o - 2 scrolls of enchant armour {unknown}
 r - a scroll of fog {unknown}
Potions
 c - 2 potions of brilliance {unknown}
 e - a potion of curing {unknown}
 i - a potion of lignification {unknown}
 l - a potion of agility {unknown}
 p - a potion of heal wounds {unknown}
Comestibles
 b - 8 rations


   Skills:
 - Level 2.3 Dodging
 - Level 2.0 Stealth
 + Level 4.4 Spellcasting
 + Level 4.4 Conjurations
 + Level 5.9 Fire Magic


You had 6 spell levels left.
You knew the following spells:

 Your Spells              Type           Power        Failure   Level  Hunger
a - Flame Tongue          Conj/Fire      ###..        1%          1    None
b - Throw Flame           Conj/Fire      ###...       2%          2    ##.....
c - Fireball              Conj/Fire      ###.......   45%         5    ######.

Your spell library contained the following spells:

 Spells                   Type           Power        Failure   Level  Hunger
 Conjure Flame            Conj/Fire      ###.....     5%          3    ###....
 Sticky Flame             Conj/Fire      ###.....     19%         4    ####...
 Inner Flame              Hex/Fire       ##......     13%         3    ###....


Dungeon Overview and Level Annotations

Branches:
Dungeon (5/15)
 Temple: D:4-7

Altars:
Cheibriados
Dithmenos
Hepliaklqana
Okawaru
Wu Jian

Shops:
D:4 (

Annotations:
D:5 Pikel


Innate Abilities, Weirdness & Mutations

You can breathe blasts of scalding, opaque steam.
Your pale cyan-grey scales are hard. (AC +6)
You cannot fit into any form of body armour.
You are cold-blooded and may be slowed by cold attacks.


Message History

The arrow hits you!
* * * LOW HITPOINT WARNING * * *
Casting: Flame Tongue (safe; 1% risk of failure)
Confirm with . or Enter, or press ? or * to list all spells.
Aiming: Flame Tongue (safe; 1% risk of failure)
Press: ? - help, Shift-Dir - straight line, f/p - centaur
Aim: a centaur, wielding a shortbow (moderately wounded)
The flame tongue hits the centaur.
The centaur is heavily wounded.
The centaur shoots an arrow.
The arrow misses you.
Casting: Flame Tongue (safe; 1% risk of failure)
Confirm with . or Enter, or press ? or * to list all spells.
Aiming: Flame Tongue (safe; 1% risk of failure)
Press: ? - help, Shift-Dir - straight line, f/p - centaur
Aim: a centaur, wielding a shortbow (heavily wounded)
The flame tongue hits the centaur.
The centaur is severely wounded.
The centaur shoots an arrow.
The arrow closely misses you.
The centaur shoots an arrow.
The arrow hits you!
You die...

. #.# ..........## #.# .
...........# #.# ..
...........###.#####..
...................#
............<.....#
##.............#..#
..####....(...)......#.#
....c..@...(....###..#..
................# #.....
###.............###.....
##.............##.....
##.................#.
#..#............####
#..###..........###..
#... ##.....#........
.... #........###...#


You could see a centaur.

Vanquished Creatures
  Purgy (D:4)
  2 ogres
  A scorpion (D:4)
  3 orc wizards (D:4)
  An orc priest (D:4)
  A worker ant (D:4)
  Natasha (thrice) (D:3)
  A worker ant zombie (D:4)
  2 adders
  An ooze (D:2)
  6 worms
  2 dart slugs (D:1)
  5 leopard geckos
  11 orcs
  A ball python (D:3)
  10 giant cockroaches
  4 goblins
  4 hobgoblins
  2 jackals
  10 bats
  4 frilled lizards
  7 kobolds
  6 rats
88 creatures vanquished.

Notes
Turn   | Place    | Note
-------+----------+-------------------------------------------
     0 | D:1      | zishaf the Draconian Fire Elementalist began the quest for the Orb.
     0 | D:1      | Reached XP level 1. HP: 14/14 MP: 3/3
     2 | D:1      | Noticed a draconian
     4 | D:1      | Noticed a felid
     4 | D:1      | Noticed a dwarf
     6 | D:1      | Noticed a formicid
     6 | D:1      | Noticed a troll
     8 | D:1      | Noticed a spriggan
     8 | D:1      | Noticed an elf
    12 | D:1      | Noticed a vampire
    12 | D:1      | Noticed a centaur
    14 | D:1      | Noticed a demigod
    16 | D:1      | Noticed a ghoul
    16 | D:1      | Noticed a tengu
    18 | D:1      | Noticed a demonspawn
    18 | D:1      | Noticed a naga
    20 | D:1      | Noticed a halfling
    20 | D:1      | Noticed a minotaur
    22 | D:1      | Noticed a vine stalker
    22 | D:1      | Noticed an octopode
    24 | D:1      | Noticed an ogre
    24 | D:1      | Noticed a merfolk
    26 | D:1      | Noticed a gargoyle
    26 | D:1      | Noticed a human
   216 | D:1      | Reached XP level 2. HP: 20/20 MP: 3/5
   918 | D:2      | Reached XP level 3. HP: 26/26 MP: 3/6
   925 | D:2      | Found a hazy altar of Hepliaklqana.
  1289 | D:2      | Learned a level 2 spell: Throw Flame
  2216 | D:3      | Noticed an ogre
  2233 | D:3      | Reached XP level 4. HP: 33/33 MP: 5/7
  2546 | D:3      | Noticed Natasha
  2551 | D:3      | Killed Natasha
  2737 | D:3      | Noticed Natasha
  2742 | D:3      | Killed Natasha
  2923 | D:3      | Reached skill level 4 in Fire Magic
  2924 | D:3      | Noticed Natasha
  2930 | D:3      | Killed Natasha
  2930 | D:3      | Reached XP level 5. HP: 38/38 MP: 0/9
  2941 | D:3      | Learned a level 5 spell: Fireball
  3231 | D:3      | Killed an ogre
  3382 | D:4      | Reached XP level 6. HP: 42/45 MP: 1/11
  3735 | D:4      | Found an iron altar of Okawaru.
  3735 | D:4      | Found an ornate altar of the Wu Jian Council.
  3769 | D:4      | Noticed Purgy
  4022 | D:4      | Found a shadowy altar of Dithmenos.
  4213 | D:4      | Found a snail-covered altar of Cheibriados.
  4292 | D:4      | Reached skill level 5 in Fire Magic
  4405 | D:4      | Found Iqot's Weapon Shop.
  4575 | D:5      | Entered Level 5 of the Dungeon
  4620 | D:5      | Noticed a slave
  4621 | D:5      | Noticed Pikel
  4681 | D:4      | Your scales start taking on a pale cyan-grey colour.
  4681 | D:4      | Reached XP level 7. HP: 30/50 MP: 5/13
  4752 | D:4      | Killed Purgy
  5070 | D:5      | Shot with an arrow by a centaur

Vault maps used:
D:1:      kb_arrival_jail, minmay_pentomino_o2
D:2:      marbit_many_paths, minmay_vboxes
D:3:      uniq_natasha
D:4:      lemuel_crystal_altar, lemuel_coloured_pillars_altar,
          gammafunk_temple_overflow_wave, serial_shops, shop, uniq_purgy
D:5:      bloody_makhleb, first_ration, uniq_crazy_yiuf_cottage, uniq_pikel

Skill      XL: |  1  2  3  4  5  6 |
---------------+-------------------+-----
Stealth        | 2 |  2.0
Dodging        | 2 |  2.3
Conjurations   | 2 3 4 |  4.4
Fire Magic     | 4 5 |  5.9
Spellcasting   | 3 4 |  4.4

Action                   |  1- 3 |  4- 6 |  7- 9 || total
-------------------------+-------+-------+-------++-------
Melee: Unarmed           |    42 |       |       ||    42
       Tailslap          |     7 |       |       ||     7
       Club              |    34 |       |       ||    34
 Cast: Flame Tongue      |    73 |    97 |    15 ||   185
       Throw Flame       |     8 |    22 |     2 ||    32
       Fireball          |       |       |     1 ||     1
  Eat: Chunk             |     6 |     6 |       ||    12
       Ration            |       |     1 |     1 ||     2
Armor: Skin              |    30 |    12 |     3 ||    45
Dodge: Dodged            |    66 |    21 |     4 ||    91

Table legend:
 A = Spawn XP
 B = Non-spawn XP
 C = Spawn XP percentage of total XP
 D = Spawn monster count
 E = Non-spawn monster count
 F = Spawn count percentage of total count
 G = Total turns spent on level
                    A         B        C        D         E        F      G
               +---------+---------+-------+---------+---------+-------+---------
         Total |       0 |     957 |   0.0 |       0 |      88 |   0.0 |  5070
               +---------+---------+-------+---------+---------+-------+---------
           D:1 |       0 |      34 |   0.0 |       0 |      18 |   0.0 |  1151
           D:2 |       0 |      59 |   0.0 |       0 |      26 |   0.0 |  1128
           D:3 |       0 |     269 |   0.0 |       0 |      19 |   0.0 |  1217
           D:4 |       0 |     570 |   0.0 |       0 |      21 |   0.0 |  1502
           D:5 |       0 |      25 |   0.0 |       0 |       4 |   0.0 |    72
               +---------+---------+-------+---------+---------+-------+---------
